 Dungeon Crawl Stone Soup version 0.20.0-15-g7f486f2 (webtiles) character file.

56 dvd the Cudgeler (level 3, -3/37 HPs)
             Began as a Troll Berserker on June 21, 2017.
             Was a Believer of Trog.
             Slain by Benis312's ghost (10 damage)
             ... on level 3 of the Dungeon.
             The game lasted 00:02:20 (1817 turns).

dvd the Cudgeler (Troll Berserker)                  Turns: 1817, Time: 00:02:21

Health: -3/37      AC:  5    Str: 25    XL:     3   Next: 71%
Magic:  2/2        EV: 10    Int:  3    God:    Trog [**....]
Gold:   102        SH:  0    Dex: 10    Spells: 2/2 levels left

rFire    . . .     SeeInvis .   p - +0 flail
rCold    . . .     Gourm    +   (no shield)
rNeg     . . .     Faith    .   b - +0 animal skin
rPois    .         Spirit   .   (helmet restricted)
rElec    .         Reflect  .   (no cloak)
rCorr    .         Harm     .   (gloves unavailable)
MR       ++...                  (boots unavailable)
Stlth    +.........             o - amulet of rage
Regen    1.6/turn               (no ring)
MPRegen  0.1/turn               (no ring)

@: berserk cooldown, regenerating, slowed, very slow
A: unfitting armour, claws 3, fast metabolism 3, gourmand, regeneration 1,
shaggy fur 1, tough skin 2
a: Berserk, Trog's Hand, Burn Spellbooks, Renounce Religion, Evoke Berserk Rage


You were on level 3 of the Dungeon.
You worshipped Trog.
Trog was pleased with you.
You were very full.

You visited 1 branch of the dungeon, and saw 3 of its levels.

You collected 102 gold pieces.

Inventory:

Hand Weapons
 a - a +0 mace
 p - a +0 flail (weapon)
Armour
 b - a +0 animal skin (worn)
Jewellery
 o - an amulet of rage (around neck)
 q - a +5 amulet of reflection {unknown}
Scrolls
 d - 2 scrolls of enchant armour {unknown}
 f - a scroll of teleportation {unknown}
 g - 3 scrolls of identify {unknown}
 j - 3 scrolls of remove curse {unknown}
 k - a scroll of recharging {unknown}
Potions
 e - 2 potions of ambrosia {unknown}
 i - 3 potions of flight {unknown}
 n - a potion of brilliance {unknown}
Comestibles
 c - 2 bread rations
 h - a royal jelly
 l - a chunk of flesh
 m - 2 meat rations


   Skills:
 + Level 3.0 Fighting
 + Level 3.2 Maces & Flails
 + Level 2.8 Dodging
 + Level 0.2 Stealth


You had 2 spell levels left.
You didn't know any spells.

Dungeon Overview and Level Annotations

Branches:
Dungeon (3/15)

Altars:

Annotations:
D:3 Benis312's ghost, amateur HOBe


Innate Abilities, Weirdness & Mutations

You are too large for most types of armour.
You have claws for hands.
Your metabolism is lightning-fast.
You like to eat raw meat.
Your natural rate of healing is unusually fast.
You are covered in fur. (AC +1)
You have very tough skin. (AC +2)


Message History

A giant cockroach comes into view.
Benis312's ghost hits you but does no damage.
The giant cockroach barely misses you.
You closely miss the giant cockroach.
The giant cockroach bites you but does no damage.
Benis312's ghost hits you!
* * * LOW HITPOINT WARNING * * *
The giant cockroach bites you but does no damage.
Benis312's ghost hits you but does no damage.
Your skin crawls.
You feel resistant to hostile enchantments.
You feel somewhat less full.
The giant cockroach completely misses you.
Benis312's ghost hits you.
* * * LOW HITPOINT WARNING * * *
The giant cockroach barely misses you. The giant cockroach bites you.
* * * LOW HITPOINT WARNING * * *
Benis312's ghost hits you!
You die...

.. ...## .. #... #.
#..# #. #. #..#
#..###.###..#
.........†..##
#$..!..).....#
#...###.###W.#
.......<.Ks@.#
.>.......##..%....#
..!...###....####.#
#.#.K. #>#.# #.....
#...# ##(.. #.#.#
#... .. .# ### ##
$#


You could see Benis312's ghost, a giant cockroach and a kobold.

Vanquished Creatures
  2 adders (D:2)
  2 worms
  A dart slug (D:2)
  A leopard gecko (D:3)
  4 bats
  A giant cockroach (D:2)
  4 hobgoblins
  4 kobolds
  A quokka (D:2)
  2 ball pythons
  5 frilled lizards
  2 goblins
  3 rats
32 creatures vanquished.

Notes
Turn   | Place    | Note
-------+----------+-------------------------------------------
     0 | D:1      | dvd the Troll Berserker began the quest for the Orb.
     0 | D:1      | Reached XP level 1. HP: 22/22 MP: 0/0
   529 | D:1      | Reached XP level 2. HP: 29/29 MP: 1/1
  1496 | D:2      | Reached XP level 3. HP: 36/36 MP: 2/2
  1529 | D:2      | Reached ** piety under Trog
  1794 | D:3      | Noticed Benis312's ghost (amateur HOBe)
  1817 | D:3      | Slain by Benis312's ghost

Skill      XL: |  1  2  3 |
---------------+----------+-----
Maces & Flails | 3 |  3.2
Fighting       | 3 |  3.0
Dodging        | |  2.8
Stealth        | |  0.2

Action                   || total
-------------------------++-------
Melee: Mace              ||    69
       Flail             ||    36
Invok: Berserk           ||     1
       Trog's Hand       ||     1
  Eat: Chunk             ||    22
Armor: Animal skin       ||    44
Dodge: Dodged            ||    72
